 Dungeon Crawl Stone Soup version 0.22-a0-136-g83a10e5 (webtiles) character file.

37 nono the Insei (level 3, -4/17 HPs)
             Began as a Vine Stalker Transmuter on Feb 3, 2018.
             Slain by Grinder (7 damage)
             ... while paralysed by Grinder
             ... on level 3 of the Dungeon.
             The game lasted 00:04:22 (604 turns).

nono the Insei (Vine Stalker Transmuter)             Turns: 604, Time: 00:04:23

Health: -4/17      AC:  4    Str: 12    XL:     3   Next: 41%
Magic:  0/8        EV:  2    Int: 14    God:
Gold:   71         SH:  0    Dex: 14    Spells: 2/8 levels left

rFire    . . .     SeeInvis .     - Unarmed
rCold    . . .     Gourm    .   (no shield)
rNeg     . . .     Faith    .   b - +0 robe
rPois    +         Spirit   +   (no helmet)
rElec    .         Reflect  .   h - +1 cloak
rCorr    .         Harm     .   (no gloves)
MR       .....                  (no boots)
Stlth    +.........             (no amulet)
HPRegen  0.05/turn              i - ring of poison resistance
MPRegen  0.11/turn              (no ring)

@: paralysed, very slightly contaminated
A: fangs 2, magic shield, antimagic bite, no potion heal 3, rot immunity
a: no special abilities


You were on level 3 of the Dungeon.
You were not hungry.

You visited 1 branch of the dungeon, and saw 3 of its levels.

You collected 71 gold pieces.

Inventory:

Missiles
 a - 23 arrows
Armour
 b - a +0 robe (worn)
 h - a +1 cloak (worn)
Jewellery
 i - a ring of poison resistance (left hand)
Wands
 j - a wand of acid (7)
Scrolls
 f - a scroll of fear {unknown}
Potions
 e - a potion of mutation {unknown}
 g - a potion of ambrosia {unknown}
 k - 2 potions of flight {unknown}
Books
 c - a book of Changes

   Spells                             Type                      Level
   a - Beastly Appendage              Transmutation                1
   b - Sticks to Snakes               Transmutation                2
   c - Spider Form                    Transmutation/Poison         3
   d - Ice Form                       Ice/Transmutation            4
   e - Blade Hands                    Transmutation                5
Comestibles
 d - 3 rations
 l - 2 chunks of flesh


   Skills:
 - Level 0.8 Fighting
 + Level 1.7 Dodging
 + Level 3.0 Unarmed Combat
 - Level 3.0 Spellcasting
 + Level 2.9 Transmutations


You had 2 spell levels left.
You knew the following spells:

 Your Spells              Type           Power        Failure   Level  Hunger
a - Beastly Appendage     Tmut           ##....       6%          1    #......
b - Sticks to Snakes      Tmut           ##......     10%         2    ##.....
c - Spider Form           Tmut/Pois      #.........   34%         3    ###....


Dungeon Overview and Level Annotations

Branches:
Dungeon (3/15)

Altars:

Annotations:
D:3 Grinder


Innate Abilities, Weirdness & Mutations

You have extremely sharp teeth.
When hurt, damage is shared between your health and your magic reserves.
Your bite disrupts and absorbs the magic of your enemies.
Potions cannot restore your health.
You are immune to rotting.


Message History

Found a dagger.
An orc comes into view. It is wielding a falchion.
Casting: Spider Form (safe; 34% risk of failure)
Confirm with . or Enter, or press ? or * to list all spells.
You miscast Spider Form.
Nothing appears to happen.
Casting: Spider Form (safe; 34% risk of failure)
Confirm with . or Enter, or press ? or * to list all spells.
You don't have enough magic to cast that spell.
Grinder blinks!
Found a stone staircase leading down.
Grinder blinks!
Found a stone staircase leading down.
Grinder gestures at you.
You suddenly lose the ability to move!
Grinder gestures at you.
You shrug off the repeated paralysis!
Grinder hits you!
You writhe in agony.
* * * LOW HITPOINT WARNING * * *
Grinder hits you!
You die...

##....#..........<..
...#.##.............
####..[#.....^.... #
###.#..........
#...........##.
#.#.##.##...##
#.#.##..#....# #
#.###.....5###
#.###.).#..@>#
#5.###..###)......#
##.# #...##...###.#
... ....###>...
.........# ..##.#
..........# #.. ..
#........... ... .
#......... ##..
######..##.


You could see Grinder.

Vanquished Creatures
  A dart slug (D:2)
  An orc (D:3)
  A ball python (D:3)
  2 giant cockroaches
  5 goblins
  10 hobgoblins
  A jackal (D:1)
  2 frilled lizards
  2 kobolds (D:1)
  2 rats (D:1)
27 creatures vanquished.

Vanquished Creatures (collateral kills)
  A dart slug (D:1)
  A goblin (D:1)
2 creatures vanquished.

Grand Total: 29 creatures vanquished

Notes
Turn   | Place    | Note
-------+----------+-------------------------------------------
     0 | D:1      | nono the Vine Stalker Transmuter began the quest for the Orb.
     0 | D:1      | Reached XP level 1. HP: 9/9 MP: 4/4
    74 | D:1      | Reached XP level 2. HP: 9/14 MP: 3/6
    81 | D:1      | Learned a level 2 spell: Sticks to Snakes
   294 | D:1      | Reached XP level 3. HP: 6/17 MP: 6/8
   304 | D:1      | Learned a level 3 spell: Spider Form
   582 | D:3      | Noticed Grinder
   600 | D:3      | Paralysed by Grinder for 6 turns
   604 | D:3      | Slain by Grinder

Vault maps used:
D:1:      minmay_arrival_solitary_statue, serial_glass, glass_columns_b,
          glass_columns_b, item_on_display_a, feat_on_display,
          minmay_strange_pillars
D:2:      first_ration, uniq_terence
D:3:      uniq_grinder

Skill      XL: |  1  2  3 |
---------------+----------+-----
Spellcasting   | 3 |  3.0
Fighting       | |  0.8
Dodging        | |  1.7
Unarmed Combat | |  3.0
Transmutations | |  2.9

Action                   || total
-------------------------++-------
Melee: Unarmed           ||    71
       Bite              ||    14
       Kick              ||    12
       Headbutt          ||     3
 Cast: Beastly Appendage ||    16
       Sticks to Snakes  ||     2
       Spider Form       ||     3
Armor: Robe              ||     7
Dodge: Dodged            ||    34

Table legend:
 A = Spawn XP
 B = Non-spawn XP
 C = Spawn XP percentage of total XP
 D = Spawn monster count
 E = Non-spawn monster count
 F = Spawn count percentage of total count
 G = Total turns spent on level
                    A         B        C        D         E        F      G
               +---------+---------+-------+---------+---------+-------+---------
         Total |       0 |      54 |   0.0 |       0 |      29 |   0.0 |   604
               +---------+---------+-------+---------+---------+-------+---------
           D:1 |       0 |      36 |   0.0 |       0 |      21 |   0.0 |   347
           D:2 |       0 |       6 |   0.0 |       0 |       2 |   0.0 |   123
           D:3 |       0 |      12 |   0.0 |       0 |       6 |   0.0 |   134
               +---------+---------+-------+---------+---------+-------+---------
